AoeStats
← gob b

Arena

505067899Analyzed
4v4 RM · 24d ago on Sep 7, 2026· 52m 3s· 8 players
Game mode
Random Map
Map size
Large (8 player)
Population
200
Speed
Normal
Resources
Standard
Victory
Conquest
Starting age
Dark Age
Ending age
Imperial Age
RankedLock teamsTeams togetherTeam positionsShared explorationLock speedFull tech treeHidden civsTurbo modeCheats
Victory
Defeat
🇫🇷 Italians · France
1232
+14
🇦🇹 Mongols · Austria
1196
+15
🇹🇷 Burgundians · Türkiye
1195
+15
🇳🇱 Cumans · Netherlands
1145
+17
🇦🇷 Celts · Argentina
1213
-17
🇲🇽 Goths · Mexico
1191
-16
🇮🇳 Burgundians · India
1157
-14
🇦🇹 Koreans · Austria
1156
-14
ZiGZAG
8:28 Loom
11:01 Feudal Age
14:57 Castle Age
12:54 Double-Bit Axe
15:07 Wheelbarrow
19:04 Horse Collar
20:52 Gold Mining
22:54 Fletching
23:28 Padded Archer Armor
24:26 Bodkin Arrow
25:20 Leather Archer Armor
27:10 Heavy Plow
27:22 Bow Saw
32:01 Imperial Age
29:22 Town Watch
30:38 Ballistics
30:30 Forging
30:25 Scale Barding Armor
31:49 Iron Casting
31:48 Hand Cart
31:33 Town Patrol
32:16 Chain Barding Armor
32:03 Husbandry
32:22 Bloodlines
33:43 Chemistry
33:10 Thumb Ring
34:00 Hoardings
33:44 Nomads
34:33 Bracer
35:38 Light Cavalry
39:01 Gold Shaft Mining
38:16 Stone Mining
39:11 Elite Mangudai
42:58 Stone Shaft Mining
42:35 Hussar
49:14 Conscription
48:24 Sappers
49:56 Blast Furnace
48:26 Heavy Camel Rider
52:19 Scale Mail Armor
52:35 Masonry
52:31 Siege Engineers
tiedchardshark
10:01 Feudal Age
11:15 Double-Bit Axe
20:51 Castle Age
18:52 Horse Collar
20:34 Wheelbarrow
25:14 Gold Mining
25:15 Stone Mining
25:53 Bloodlines
26:55 Forging
26:50 Scale Barding Armor
30:57 Thumb Ring
32:35 Steppe Husbandry
33:20 Light Cavalry
36:55 Imperial Age
34:10 Town Watch
37:33 Ballistics
37:52 Iron Casting
37:37 Chain Barding Armor
37:08 Fletching
37:18 Padded Archer Armor
38:32 Elite Steppe Lancer
48:05 Gold Shaft Mining
Levanius
3:19 Double-Bit Axe
7:11 Horse Collar
11:09 Feudal Age
14:57 Castle Age
13:17 Bow Saw
13:32 Heavy Plow
19:47 Sanctity
22:37 Wheelbarrow
21:49 Loom
22:40 Wheelbarrow
21:50 Town Watch
25:31 Stone Mining
25:32 Gold Mining
26:44 Two-Man Saw
26:24 Crop Rotation
27:32 Hand Cart
34:46 Imperial Age
33:16 Fletching
33:29 Padded Archer Armor
33:41 Fortified Wall
33:42 Masonry
33:13 Treadmill Crane
33:53 Murder Holes
35:11 Leather Archer Armor
34:51 Bodkin Arrow
35:19 Ballistics
36:32 Chemistry
35:57 Ballistics
37:17 Architecture
36:28 Treadmill Crane
36:44 Murder Holes
38:35 Gold Shaft Mining
41:45 Scale Barding Armor
41:50 Forging
41:03 Light Cavalry
41:43 Husbandry
42:32 Hussar
43:34 Chain Barding Armor
Ubuntu_FTS
10:03 Feudal Age
13:53 Castle Age
12:55 Double-Bit Axe
17:56 Bow Saw
18:12 Horse Collar
22:02 Loom
22:28 Heavy Plow
23:29 Wheelbarrow
26:30 Ballistics
29:40 Imperial Age
27:07 Town Watch
27:49 Hand Cart
27:51 Gold Mining
27:56 Stone Mining
28:24 Fortified Wall
28:17 Fletching
29:09 Bodkin Arrow
29:51 Thumb Ring
31:23 Chemistry
32:02 Crop Rotation
32:33 Two-Man Saw
33:20 Elite Skirmisher
45:08 Bracer
45:08 Padded Archer Armor
MZTK | AwesomeDude
11:23 Feudal Age
15:03 Castle Age
14:18 Loom
14:22 Double-Bit Axe
16:14 Bow Saw
23:15 Wheelbarrow
22:38 Gold Mining
25:54 Horse Collar
26:41 Hand Cart
28:22 Forging
28:12 Scale Mail Armor
30:54 Imperial Age
28:34 Gambesons
28:35 Arson
28:35 Pikeman
31:39 Chain Mail Armor
32:00 Iron Casting
30:59 Halberdier
31:05 Capped Ram
32:16 Siege Ram
33:46 Plate Mail Armor
38:52 Blast Furnace
41:28 Onager
48:18 Conscription
48:36 Fletching
50:03 Bodkin Arrow
stYx
10:50 Feudal Age
10:32 Loom
14:34 Castle Age
13:43 Loom
13:48 Double-Bit Axe
18:34 Fletching
26:09 Gold Mining
30:05 Wheelbarrow
30:20 Bow Saw
29:59 Horse Collar
32:55 Gold Shaft Mining
36:02 Imperial Age
34:01 Bodkin Arrow
33:34 Crossbowman
34:20 Thumb Ring
37:08 Ballistics
37:49 Chemistry
36:52 Bracer
36:26 Arbalester
42:52 Elite Skirmisher
45:09 Two-Man Saw
47:10 Forging
gob b
8:36 Double-Bit Axe
8:36 Horse Collar
12:25 Feudal Age
16:26 Castle Age
14:46 Bow Saw
14:43 Gold Mining
15:04 Heavy Plow
15:46 Stone Mining
16:40 Forging
20:15 Wheelbarrow
25:37 Two-Man Saw
26:39 Crop Rotation
29:08 Imperial Age
27:03 Hand Cart
26:36 Loom
28:00 Iron Casting
27:31 Scale Barding Armor
27:43 Cavalier
28:25 Husbandry
29:22 Paladin
33:18 Blast Furnace
32:38 Chain Barding Armor
33:53 Burgundian Vineyards
35:50 Plate Barding Armor
35:40 Conscription
36:36 Chemistry
35:56 Ballistics
36:11 Padded Archer Armor
36:01 Fletching
glitter
1:56 Loom
10:40 Feudal Age
12:15 Wheelbarrow
17:25 Castle Age
16:11 Forging
16:01 Scale Mail Armor
16:52 Double-Bit Axe
17:39 Loom
17:31 Pikeman
18:12 Squires
20:12 Man-at-Arms
22:27 Long Swordsman
27:22 Chain Mail Armor
30:07 Horse Collar
32:14 Bow Saw
32:56 Heavy Plow
36:32 Iron Casting
39:00 Fletching
45:57 Bodkin Arrow
Connection lost

Rejoining the realm…

Still unreachable

The connection could not be restored.

Session expired

The server has moved on; the page needs a fresh start.